 Dungeon Crawl Stone Soup version 0.16-a0-296-gbdb9f68 (webtiles) character file.

1829 Mindmaker the Conjurer (level 9, -7/126 HPs)
             Began as an Octopode Conjurer on Aug 29, 2014.
             Was a Follower of Ashenzari.
             Killed from afar by an orc (19 damage)
             ... with a wand of fire
             ... on Level 6 of the Dungeon.
             The game lasted 00:53:51 (7856 turns).

Mindmaker the Conjurer (Octopode Conjurer)          Turns: 7856, Time: 00:53:52

HP  -7/126       AC 24     Str 12      XL: 9   Next: 11%
MP   8/19        EV  4     Int 21      God: Ashenzari [*.....]
Gold 232         SH  0     Dex 12      Spells:  5 memorised,  2 levels left

rFire  . . .     SeeInvis +     a - +4 scythe (freeze)
rCold  . . .     Clarity  .     (no shield)
rNeg   + + +     rCorr    .     (helmet restricted)
rPois  +         rRot     .     l - cursed amulet of inaccuracy
rElec  .         Spirit   .     p - ring of see invisible
SustAb .         Warding  .     v - ring of Zesuugymn {Slay+4 Stlth+}
rMut   .         NoTele   +     o - melded ring of positive energy
Gourm  .                        (ring currently unavailable)
MR     .....                    (ring currently unavailable)
                                (ring currently unavailable)
                                (ring currently unavailable)
                                (ring currently unavailable)

@: berserking, tree-form, very slightly contaminated, very quick, not resistant
to hostile enchantments, extremely unstealthy
A: almost no armour, amphibious, (8 rings), (constrict 8), repulsion field 1,
(molten scales 0), (camouflage 0), robust 1, (gelatinous body 0)
a: Renounce Religion


You were on level 6 of the Dungeon.
You worshipped Ashenzari.
Ashenzari was aware of your devotion.
You were not hungry.
You were an animated tree.
You visited 2 branches of the dungeon, and saw 7 of its levels.
You also visited: Ossuary.

You collected 232 gold pieces.

Inventory:

Hand weapons
 a - a +4 scythe of freezing (weapon)
 b - a +3 short sword
Magical devices
 e - a wand of slowing (10)
Comestibles
 g - 2 meat rations
 q - 6 bread rations
Scrolls
 i - a scroll of identify
 n - 2 scrolls of amnesia
 s - 4 scrolls of enchant weapon
 t - 3 scrolls of magic mapping
Jewellery
 l - a cursed amulet of inaccuracy (around neck)
 o - a ring of positive energy (melded)
 p - a ring of see invisible (left branch)
 v - the ring of Zesuugymn (right branch) {Slay+4 Stlth+}
   (You found it on level 5 of the Dungeon)

   [ring of stealth]

   It affects your accuracy and damage with ranged weapons and melee attacks
   (+4).
   It makes you more stealthy.
Potions
 d - 2 potions of curing {unknown}
 f - a potion of cure mutation
 h - 3 potions of brilliance
 j - 4 potions of haste {unknown}
 k - 2 potions of lignification
 m - 2 potions of confusion {unknown}
 u - a potion of poison {unknown}
 w - a potion of flight {unknown}
 x - a potion of agility
Books
 c - a book of Conjurations

   Spells                             Type                      Level
   *Magic Dart                        Conjuration                  1
   *Searing Ray                       Conjuration                  2
   *Dazzling Spray                    Conjuration/Hexes            3
   *Fulminant Prism                   Conjuration/Hexes            4
   *Iskenderun's Mystic Blast         Conjuration                  4
   Iskenderun's Battlesphere          Conjuration/Charms           5


   Skills:
 - Level 2.0 Dodging
 - Level 2.6 Stealth
 - Level 4.0 Spellcasting
 + Level 11.3 Conjurations


You had 2 spell levels left.
You knew the following spells:

 Your Spells              Type           Power        Failure   Level  Hunger
a - Fulminant Prism       Conj/Hex       ####......   14%         4    ####...
b - Searing Ray           Conj           ######       1%          2    #......
c - Dazzling Spray        Conj/Hex       ####....     3%          3    ###....
d - Iskenderun's Mystic   Conj           ######..     1%          4    ####...
t - Magic Dart            Conj           ####         1%          1    None


Dungeon Overview and Level Annotations

Branches:
Dungeon (6/15)             Temple (1/1) D:5

Altars:
Ashenzari
Dithmenos
Elyvilon
Fedhas
Gozag
Kikubaaqudgha
Makhleb
Okawaru
Qazlal
Sif Muna
Trog
Vehumet
Xom
Yredelemnul
Zin
The Shining One

Shops:
D:6 }


Innate Abilities, Weirdness & Mutations

You cannot wear most types of armour.
You are amphibious.
((You can wear up to eight rings at the same time.))
((You can use your tentacles to constrict many enemies at once.))
((Your skin changes colour to match your surroundings (Stealth).))
((Your rubbery body absorbs attacks (AC +1).))
You are surrounded by a mild repulsion field (EV +2).
((You are partially covered in molten scales (AC +1).))
You are robust (+10% HP).


Message History

Your roots penetrate the ground.
It was a potion of lignification.
The orc zaps a wand.
Helpless, you fail to dodge the bolt of fire.
* * * LOW HITPOINT WARNING * * *
Quiver which item? (- for none, * to show all) (? for menu, Esc to quit)
You don't have any such object.
Quiver which item? (- for none, * to show all) (? for menu, Esc to quit)
You don't have any such object.
Quiver which item? (- for none, * to show all) (? for menu, Esc to quit)
Okay, then.
Read which item? (? for menu, Esc to quit)
Okay, then.
Drink which item? (? for menu, Esc to quit)
A red film seems to cover your vision as you go berserk!
You feel yourself moving faster!
You feel mighty!
The orc zaps a wand.
Helpless, you fail to dodge the bolt of fire.
You closely miss the orc.
The orc wizard shouts!
The orc barely misses you.
The orc zaps a wand.
The bolt of fire hits you!
You die...

#.#.### #....# ##.
#.#.# #....# #.
#.#.# #....# #.
#.#.#
###############.
####.#.####
#...............
####..)......#
#...............
.....#######.#
#.##############
.....#######.#####)#
#....# #
.....#.......ooo♣..#
#....#
####.#.#####.#####.#
#....# #%# #.# #.#
#....# #.# # #.# #.#
#....# #.#.#####.##
#.# #....##
##.#.....8..# #.#
#.....#
#....#......# #<#
#.###.#
#.<..##8...8# #.#
#.###.#
#.#..##.....####.#
#.....#####


You could see an orc wizard and 2 orcs.

Vanquished Creatures
  A wraith (Ossuary)
  Eustachio (D:6)
  A black bear (D:5)
  2 ogres (D:4)
  Sigmund (D:4)
  A centaur (D:5)
  A giant frog (D:6)
  A killer bee (D:5)
  A scorpion (D:5)
  4 goliath beetles (D:5)
  2 crimson imps (D:5)
  An iguana (D:5)
  2 orc priests
  A giant frog skeleton (D:4)
  3 hounds
  4 worker ants
  3 orc wizards
  2 sky beast zombies
  A mummy (Ossuary)
  7 adders
  A scorpion zombie (D:6)
  3 giant mites (D:5)
  A goliath beetle zombie (D:5)
  A worm (D:2)
  7 giant geckos
  21 orcs
  2 ball pythons
  A bat zombie (D:5)
  10 gnoll skeletons (Ossuary)
  18 hobgoblins
  7 jackals
  10 kobolds
  13 bats
  9 giant cockroaches
  A giant gecko skeleton (D:5)
  6 giant newts
  19 goblins
  A goblin skeleton (D:4)
  4 kobold skeletons (Ossuary)
  12 orc skeletons
  An orc zombie (D:5)
  51 rats
239 creatures vanquished.

Vanquished Creatures (others)
  An ogre (D:4)
  An orc wizard (D:4)
  A worm (D:4)
  8 fulminant prisms
  A giant gecko (D:4)
  3 orcs (D:4)
  A giant cockroach (D:4)
  A hobgoblin (D:4)
  A giant newt (D:4)
  A giant spore (D:6)
19 creatures vanquished.

Grand Total: 258 creatures vanquished

Notes
Turn   | Place    | Note
--------------------------------------------------------------
     0 | D:1      | Mindmaker, the Octopode Conjurer, began the quest for the Orb.
     0 | D:1      | Reached XP level 1. HP: 11/11 MP: 3/3
   155 | D:1      | Reached XP level 2. HP: 10/17 MP: 0/4
   321 | D:1      | Learned a level 2 spell: Searing Ray
   694 | D:1      | Reached XP level 3. HP: 17/21 MP: 6/6
   805 | D:1      | Reached skill level 5 in Conjurations
  1383 | D:2      | Reached XP level 4. HP: 11/27 MP: 4/7
  2003 | D:2      | Reached skill level 6 in Conjurations
  2521 | D:3      | Learned a level 3 spell: Dazzling Spray
  2542 | D:3      | Reached XP level 5. HP: 31/31 MP: 1/9
  3317 | D:4      | Killed an ogre
  3343 | D:4      | Noticed Sigmund
  3407 | D:4      | Reached skill level 7 in Conjurations
  3435 | D:4      | Reached XP level 6. HP: 36/36 MP: 7/10
  3650 | D:4      | Gained mutation: You are surrounded by a mild repulsion field (EV +2). [potion of mutation]
  3650 | D:4      | Gained mutation: You are robust (+10% HP). [potion of mutation]
  3650 | D:4      | Gained mutation: You are partially covered in molten scales (AC +1). [potion of mutation]
  3678 | D:4      | Killed Sigmund
  3807 | D:4      | Found a shimmering altar of Xom.
  4109 | D:4      | Learned a level 4 spell: Fulminant Prism
  4132 | D:4      | Reached XP level 7. HP: 40/45 MP: 3/17
  4447 | D:4      | Found a shadowy altar of Dithmenos.
  4457 | D:4      | Reached skill level 8 in Conjurations
  4602 | D:4      | Found an opulent altar of Gozag.
  4606 | D:4      | Found a deep blue altar of Sif Muna.
  4606 | D:4      | Found an ancient bone altar of Kikubaaqudgha.
  4616 | D:4      | Found a glowing golden altar of the Shining One.
  4894 | D:5      | Entered Level 5 of the Dungeon
  4922 | D:5      | Learned a level 4 spell: Iskenderun's Mystic Blast
  5613 | D:5      | Reached XP level 8. HP: 43/50 MP: 8/18
  5628 | D:5      | Got a pitted ivory ring
  5631 | D:5      | Identified the ring of Zesuugymn {Slay+4 Stlth+} (You found it on level 5 of the Dungeon)
  5636 | D:5      | Reached skill level 9 in Conjurations
  5996 | D:5      | Found a staircase to the Ecumenical Temple.
  6002 | Temple   | Entered the Ecumenical Temple
  6057 | Temple   | Became a worshipper of Ashenzari the Shackled
  6561 | D:5      | Reached skill level 10 in Conjurations
  6935 | D:6      | Found a sand-covered staircase.
  6950 | Ossuary  | Entered an ossuary
  7533 | D:6      | Found Uneyle's Gadget Boutique.
  7571 | D:6      | Reached skill level 11 in Conjurations
  7571 | D:6      | Reached XP level 9. HP: 47/56 MP: 15/19
  7830 | D:6      | Noticed Eustachio
  7846 | D:6      | Killed Eustachio
  7856 | D:6      | Killed from afar by an orc

Action                   |  1- 3 |  4- 6 |  7- 9 || total
-------------------------+-------+-------+-------++-------
Melee: Unarmed           |    13 |       |       ||    13
       Dagger            |    30 |    66 |       ||    96
       Short sword       |       |    55 |       ||    55
       Scythe            |       |    25 |   134 ||   159
 Cast: Magic Dart        |    51 |    56 |    78 ||   185
       Searing Ray       |     1 |     5 |    23 ||    29
       Dazzling Spray    |       |     1 |     1 ||     2
       Fulminant Prism   |       |       |     8 ||     8
       Iskenderun's Myst |       |       |     1 ||     1
Evoke: Wand              |       |       |     1 ||     1
  Use: Scroll            |       |     8 |     6 ||    14
       Potion            |       |     1 |     2 ||     3
 Stab: Sleeping          |     3 |     6 |     6 ||    15
       Distracted        |       |     1 |     1 ||     2
  Eat: Chunk             |     2 |    10 |    11 ||    23
       Pizza             |       |       |     1 ||     1
       Beef jerky        |       |       |     1 ||     1
